Map: Arctic Dream LE

Players

qqq

  • Race: Zerg Zerg
  • League: Platinum
  • Spawn Location: 6:00

Massa

  • Race: Terran Terran
  • League: Gold
  • Spawn Location: 5:00

Terradin - Winner!

  • Race: Terran Terran
  • League: Master
  • Spawn Location: 12:00

Alpenfoehn - Winner!

  • Race: Terran Terran
  • League: Diamond
  • Spawn Location: 11:00

VOD

Have the link to the VOD?

Description

Time

  • Played on: Aug. 31, 2020, 4:09 p.m.
  • Length: 3:38
Show
View Real Time Build Order
Export as new Build Order

qqq Zerg 

Build Orders: Hatch First 

Get SALT Encoding   

  12  0:02  Drone  
  13  0:09  Drone  
  14  0:35  Hatchery  
  13  0:44  Drone  
  14  0:55  Spawning Pool  
  13  0:59  Drone  
  14  1:13  Overlord  
  14  1:14  Extractor  
  14  1:16  Drone  
  14  1:40  Drone  
  14  1:41  Drone x2  
  14  1:44  Queen  
  19  1:47  Drone  
  20  2:04  Drone x2  
  20  2:06  Drone  
  23  2:27  Drone x2  
  23  2:28  Drone x2  
  27  2:34  Drone  
  28  2:52  Overlord x2  
  30  3:13  Zergling x6  
  30  3:14  Zergling x2  
  30  3:15  Drone  
  30  3:17  Hatchery  
  30  3:18  Drone  
  35  3:20  Drone  
Show
View Real Time Build Order
Export as new Build Order

Massa Terran 

Build Orders:  

Get SALT Encoding   

  12  0:00  SCV  
  13  0:12  SCV  
  14  0:17  Supply Depot  
  14  0:24  SCV  
  15  0:38  SCV  
  15  0:39  Barracks  
  16  0:47  Refinery  
  16  0:50  SCV  
  17  1:02  SCV  
  18  1:05  Refinery  
  18  1:14  SCV  
  19  1:26  SCV  
  19  1:31  Reaper, Supply Depot  
  21  1:39  SCV  
  22  1:55  Orbital Command  
  22  2:03  Marine  
  22  2:05  Command Center  
  23  2:17  Factory  
  23  2:26  Barracks Tech Lab  
  23  2:30  SCV  
  24  2:42  SCV  
  25  2:48  Marauder  
  27  2:55  Barracks  
  26  3:08  Widow Mine  
  26  3:09  Marine  
  29  3:13  SCV  
  30  3:20  Engineering Bay  
  30  3:25  SCV  
Show
View Real Time Build Order
Export as new Build Order

Terradin Terran - Winner!

Build Orders: Gas First Reaper Expand 

Get SALT Encoding   

  12  0:05  SCV  
  13  0:17  SCV  
  14  0:22  Supply Depot  
  14  0:30  SCV  
  14  0:32  Refinery  
  15  0:44  SCV  
  15  0:46  Barracks  
  16  0:56  SCV  
  17  1:08  SCV  
  18  1:20  SCV  
  19  1:38  Orbital Command  
  19  1:44  Reaper  
  20  1:56  Command Center  
  20  2:04  SCV  
  20  2:06  Factory  
  20  2:08  Refinery  
  21  2:17  Barracks Reactor  
  21  2:23  SCV, Supply Depot  
  22  2:36  SCV  
  23  2:53  Starport  
  23  3:05  SCV  
  23  3:07  Barracks Tech Lab, Hellion x2  
  23  3:12  Orbital Command  
  28  3:18  SCV  
  29  3:21  Supply Depot  
Show
View Real Time Build Order
Export as new Build Order

Alpenfoehn Terran - Winner!

Build Orders:  

Get SALT Encoding   

  12  0:00  SCV  
  13  0:12  SCV  
  14  0:18  Supply Depot  
  14  0:24  SCV  
  14  0:28  Refinery  
  15  0:40  SCV  
  16  0:46  Barracks  
  16  0:52  SCV  
  17  1:04  SCV  
  18  1:16  SCV  
  19  1:29  SCV  
  20  1:34  Reaper  
  21  1:41  Command Center  
  21  1:52  Orbital Command  
  21  2:07  Barracks Reactor  
  21  2:08  Factory  
  21  2:19  SCV  
  21  2:22  Refinery  
  22  2:29  Supply Depot  
  22  2:32  SCV  
  23  3:04  Starport  
  23  3:06  Hellion x2  
  23  3:09  Orbital Command  
  23  3:11  SCV  
  28  3:15  Barracks Tech Lab  
  28  3:23  SCV  
Tags
 
Add a new tag
Caveats
  • Supply blocks, unpowered buildings, or Contaminate may cause inaccurate times.
  • Supply counts are checked every 10 seconds.